Map: Orbital Shipyard

Players

Knollsen

  • Race: Terran Terran
  • League: Gold

capac - Winner!

  • Race: Terran Terran
  • League: Gold

VOD

Have the link to the VOD?

Description

Time

  • Played on: March 20, 2016, 2:13 p.m.
  • Length: 4:17
Show
View Real Time Build Order
Export as new Build Order

Knollsen Terran 

Build Orders: Reaper Expand 

Get SALT Encoding   

  12  0:01  SCV  
  13  0:13  SCV  
  14  0:21  Supply Depot  
  14  0:25  SCV  
  15  0:43  Barracks, SCV  
  15  0:47  Refinery  
  16  0:55  SCV  
  17  1:07  SCV  
  18  1:31  Reaper  
  19  1:40  Command Center  
  19  1:43  Orbital Command  
  19  1:56  Supply Depot  
  19  2:13  Factory  
  19  2:16  SCV  
  19  2:20  Refinery  
  19  2:22  Marine  
  21  2:28  SCV  
  21  2:39  Marine  
  21  2:40  SCV  
  23  2:52  SCV  
  23  2:53  Orbital Command  
  23  2:57  Factory Tech Lab  
  24  2:58  Starport  
  24  3:05  SCV  
  25  3:06  Marine  
  26  3:17  SCV  
  27  3:21  SCV  
  27  3:24  Marine  
  29  3:30  SCV  
  30  3:35  SCV  
  30  3:40  Supply Depot  
  31  3:42  Marine, SCV  
  31  3:44  Factory Tech Lab  
  31  3:47  SCV  
  37  3:54  SCV  
  38  4:01  Supply Depot, SCV  
  40  4:07  Engineering Bay  
Show
View Real Time Build Order
Export as new Build Order

capac Terran - Winner!

Build Orders:  

Get SALT Encoding   

  12  0:00  SCV  
  13  0:13  SCV  
  14  0:18  Supply Depot  
  14  0:25  SCV  
  15  0:40  SCV  
  15  0:42  Barracks  
  16  0:47  Refinery  
  16  0:52  SCV  
  17  1:04  SCV  
  18  1:16  SCV  
  19  1:28  SCV  
  19  1:32  Barracks Reactor  
  20  1:38  Command Center  
  20  1:43  SCV  
  21  1:53  Supply Depot  
  21  1:59  Orbital Command  
  21  2:09  Marine x2  
  23  2:23  Factory  
  23  2:26  SCV  
  23  2:28  Marine x2  
  26  2:53  Marine  
  26  2:54  Marine  
  28  3:01  Refinery  
  28  3:02  SCV  
  30  3:10  Factory Tech Lab  
  29  3:13  Starport  
  29  3:14  SCV, Orbital Command  
  30  3:25  Barracks  
  30  3:26  SCV  
  31  3:31  Marine x2  
  33  3:41  SCV x2  
  38  3:52  Starport Reactor  
  38  3:53  SCV x2  
  40  3:59  Refinery  
  44  4:13  Engineering Bay  
  44  4:14  Barracks Tech Lab  
Tags
 
Add a new tag
Caveats
  • Supply blocks, unpowered buildings, or Contaminate may cause inaccurate times.
  • Supply counts are checked every 10 seconds.